 Dungeon Sprint DCSS version 0.21.1-1-g345015f (webtiles) character file.

1467 sankara the Cleaver (level 8, -4/80 HPs)
             Began as a Hill Orc Fighter on Apr 4, 2018.
             Was a Follower of Kikubaaqudgha.
             Slain by a demonic crawler (8 damage)
             ... in the Dungeon (Sprint I: "Red Sonja").
             The game lasted 00:06:15 (1001 turns).

sankara the Cleaver (Hill Orc Fighter)              Turns: 1001, Time: 00:06:16

Health: -4/80      AC:  8    Str: 19    XL:     8   Next: 77%
Magic:  3/8        EV:  8    Int: 10    God:    Kikubaaqudgha [*.....]
Gold:   405        SH: 11    Dex: 10    Spells: 0/7 levels left

rFire    . . .     SeeInvis .   a - +0 war axe
rCold    . . .     Gourm    +   c - +0 shield
rNeg     . . .     Faith    .   b - +0 scale mail
rPois    .         Spirit   .   (no helmet)
rElec    .         Reflect  .   (no cloak)
rCorr    .         Harm     .   (no gloves)
MR       .....     NoTele   +   (no boots)
Stlth    ..........             m - amulet of the gourmand {Gourm, !d}
HPRegen  0.23/turn              (no ring)
MPRegen  0.11/turn              (no ring)

@: no status effects
A: no striking features
a: Receive Corpses, Renounce Religion


You were in the Dungeon.
You worshipped Kikubaaqudgha.
Kikubaaqudgha was aware of your devotion.
You were hungry.

You visited 1 branch You collected 405 gold pieces.

Inventory:

Hand Weapons
 a - a +0 war axe (weapon)
Armour
 b - a +0 scale mail (worn)
 c - a +0 shield (worn)
Jewellery
 m - an amulet of the gourmand (around neck) {Gourm, !d}
   (You found it in the Dungeon)
Scrolls
 k - a scroll of blinking {!r}
Potions
 d - a potion of might
 e - a potion of curing
 g - a potion of heal wounds
 h - a potion of haste
 i - 2 potions of magic
 j - a potion of cancellation {unknown}
Comestibles
 f - a ration
 l - 7 chunks of flesh {@w0}


   Skills:
 + Level 10.3 Fighting
 * Level 14.6 Axes
 + Level 9.7 Armour
 + Level 9.5 Shields
 + Level 5.0 Necromancy


You couldn't memorise any spells.
You knew the following spells:

 Your Spells              Type           Power        Failure   Level  Hunger
a - Animate Skeleton      Necr           N/A          24%         1    ##.....
b - Pain                  Necr           ##..         24%         1    ##.....
c - Sublimation of Blood  Necr           ##........   36%         2    ###....
d - Regeneration          Chrm/Necr      #.........   90%         3    ####...


Dungeon Overview and Level Annotations

Branches:
Dungeon (1/1)

Altars:
Cheibriados
Dithmenos
Elyvilon
Fedhas
Gozag
Hepliaklqana
Kikubaaqudgha
Makhleb
Nemelex Xobeh
Okawaru
Qazlal
Ru
Sif Muna
Trog
Uskayaw
Vehumet
Wu Jian
Xom
Yredelemnul
Zin
The Shining One
Jiyva
Lugonu

Shops:
D (


Message History

The demonic crawler hits your orc priest skeleton. x2
The demonic crawler hits your orc priest skeleton!
Your orc priest skeleton barely misses the demonic crawler.
You hit the demonic crawler but do no damage.
The demonic crawler is severely wounded.
The demonic crawler hits you.
You block the demonic crawler's attack. x2
You slash the demonic crawler!
The demonic crawler is almost dead.
You block the demonic crawler's attack. The demonic crawler hits you.
You block the demonic crawler's attack.
Your orc priest skeleton hits the demonic crawler but does no damage.
You are too injured to fight recklessly!
You are too injured to fight recklessly!
You are too injured to fight recklessly!
You are too injured to fight recklessly!
Your shield and scale mail prevent you from hitting the demonic crawler.
The demonic crawler is almost dead.
The demonic crawler closely misses you. You block the demonic crawler's attack.
The demonic crawler hits you but does no damage.
Your orc priest skeleton hits the demonic crawler but does no damage.
You slash the demonic crawler!
You kill the demonic crawler!
Kikubaaqudgha accepts your kill.
Your Necromancy skill increases to level 5!
You slash the demonic crawler!
The demonic crawler is moderately wounded.
Your orc priest skeleton hits the demonic crawler but does no damage.
The demonic crawler hits you! You block the demonic crawler's attack.
The demonic crawler hits you!
You hit the demonic crawler but do no damage.
The demonic crawler is moderately wounded.
The demonic crawler hits your orc priest skeleton!
Your orc priest skeleton is destroyed!
You hit the demonic crawler.
The demonic crawler is moderately wounded.
Your centaur skeleton completely misses the demonic crawler.
You block the demonic crawler's attack. The demonic crawler barely misses you.
The demonic crawler hits you.
You hit the demonic crawler.
The demonic crawler is moderately wounded.
Your centaur skeleton hits the demonic crawler but does no damage.
The demonic crawler hits your centaur skeleton!
The demonic crawler hits your centaur skeleton.
The demonic crawler hits your centaur skeleton!
You hit the demonic crawler but do no damage.
The demonic crawler is moderately wounded.
The demonic crawler hits your centaur skeleton.
The demonic crawler completely misses your centaur skeleton. x2
Your centaur skeleton hits the demonic crawler but does no damage.
You hit the demonic crawler but do no damage.
The demonic crawler is moderately wounded.
Your centaur skeleton hits the demonic crawler.
The demonic crawler hits your centaur skeleton!
Your centaur skeleton is destroyed!
You slash the demonic crawler!
The demonic crawler is heavily wounded.
The demonic crawler hits your kobold demonologist skeleton.
The demonic crawler hits your kobold demonologist skeleton!
The demonic crawler hits your kobold demonologist skeleton.
You slash the demonic crawler!
The demonic crawler is severely wounded.
The demonic crawler hits you. You block the demonic crawler's attack.
The demonic crawler barely misses you.
Your kobold demonologist skeleton hits the demonic crawler with a dagger.
You slash the demonic crawler!
The demonic crawler is almost dead.
The demonic crawler closely misses you. The demonic crawler hits you!
* * * LOW HITPOINT WARNING * * *
The demonic crawler hits you.
* * * LOW HITPOINT WARNING * * *
Your kobold demonologist skeleton hits the demonic crawler with a dagger.
You barely miss the demonic crawler.
The demonic crawler is almost dead.
The demonic crawler barely misses you. The demonic crawler hits you!
* * * LOW HITPOINT WARNING * * *
The demonic crawler barely misses you.
You hit the demonic crawler but do no damage.
The demonic crawler is almost dead.
The demonic crawler hits your kobold demonologist skeleton.
The demonic crawler hits your kobold demonologist skeleton!
The demonic crawler hits your kobold demonologist skeleton.
Your kobold demonologist skeleton hits the demonic crawler but does no damage.
You catch the helpless demonic crawler completely off-guard!
You slash the demonic crawler!
The demonic crawler is almost dead.
The demonic crawler hits you.
* * * LOW HITPOINT WARNING * * *
You block the demonic crawler's attack. The demonic crawler hits you.
* * * LOW HITPOINT WARNING * * *
Your kobold demonologist skeleton hits the demonic crawler but does no damage.
The demonic crawler hits your kobold demonologist skeleton.
The demonic crawler hits your kobold demonologist skeleton!
Your kobold demonologist skeleton is destroyed!
You are feeling hungry.
There is an open door, spattered with blood here.
Your magical contamination has completely faded away.
You see here Kikubaaqudgha's Collected Works on Unholy Rituals.
The demonic crawler hits you!
You die...
Kikubaaqudgha rasps: "You have failed me!
Welcome... death!"

#######################
#..)..#..'..#__#@sss..#
').#..').#..'..'..#..)##+#
#####'#####'#__####...†..#
####..#...#.#### #####..+
#__####..##)# ##
#_____##'#_.+
#_.∩...'..._#
#_..__##_.#+# #_____###+#


You could see 3 demonic crawlers.

Vanquished Creatures
  2 kobold demonologists (D)
  A demonic crawler (D)
  A slime creature (D)
  Sigmund (D)
  A yak (D)
  A floating eye (D)
  An ogre (D)
  A jelly (D)
  Ijyb (D)
10 creatures vanquished.

Notes
Turn   | Place    | Note
-------+----------+-------------------------------------------
     0 | D        | sankara the Hill Orc Fighter began the quest for the Orb.
     0 | D        | Reached XP level 1. HP: 19/19 MP: 1/1
     1 | D        | Noticed Ijyb
    16 | D        | Killed Ijyb
    16 | D        | Reached skill level 4 in Fighting
    16 | D        | Reached skill level 5 in Axes
    16 | D        | Reached skill level 4 in Armour
    16 | D        | Reached skill level 4 in Shields
    16 | D        | Reached XP level 2. HP: 18/28 MP: 2/2
    16 | D        | Reached XP level 3. HP: 21/34 MP: 3/3
   126 | D        | Noticed an ogre
   131 | D        | Killed an ogre
   131 | D        | Reached skill level 6 in Fighting
   131 | D        | Reached skill level 8 in Axes
   131 | D        | Reached skill level 5 in Armour
   131 | D        | Reached skill level 5 in Shields
   131 | D        | Reached XP level 4. HP: 44/44 MP: 4/4
   152 | D        | Noticed Sigmund
   166 | D        | Killed Sigmund
   166 | D        | Reached skill level 7 in Fighting
   166 | D        | Reached skill level 10 in Axes
   166 | D        | Reached skill level 6 in Armour
   166 | D        | Reached skill level 6 in Shields
   166 | D        | Reached XP level 5. HP: 44/52 MP: 5/5
   166 | D        | Reached XP level 6. HP: 51/60 MP: 6/6
   222 | D        | Found an ornate altar of the Wu Jian Council.
   222 | D        | Found a deep blue altar of Sif Muna.
   224 | D        | Found a radiant altar of Vehumet.
   229 | D        | Reached skill level 7 in Armour
   229 | D        | Reached skill level 7 in Shields
   251 | D        | Found Qotrak's Antique Weapon Emporium.
   251 | D        | Found an ancient bone altar of Kikubaaqudgha.
   251 | D        | Found a hazy altar of Hepliaklqana.
   251 | D        | Found a stormy altar of Qazlal.
   251 | D        | Found a hide-covered altar of Uskayaw.
   251 | D        | Found a blossoming altar of Fedhas.
   251 | D        | Found a bloodstained altar of Trog.
   251 | D        | Found an iron altar of Okawaru.
   251 | D        | Found a basalt altar of Yredelemnul.
   251 | D        | Found a glowing golden altar of the Shining One.
   251 | D        | Found a snail-covered altar of Cheibriados.
   251 | D        | Found a sacrificial altar of Ru.
   251 | D        | Found a glowing silver altar of Zin.
   251 | D        | Found a shadowy altar of Dithmenos.
   251 | D        | Found a white marble altar of Elyvilon.
   251 | D        | Noticed a yak
   259 | D        | Killed a yak
   259 | D        | Reached skill level 8 in Fighting
   259 | D        | Reached skill level 11 in Axes
   260 | D        | Found an opulent altar of Gozag.
   261 | D        | Found a sparkling altar of Nemelex Xobeh.
   267 | D        | Became a worshipper of Kikubaaqudgha
   393 | D        | Found a burning altar of Makhleb.
   393 | D        | Found a viscous altar of Jiyva.
   393 | D        | Found a shimmering altar of Xom.
   393 | D        | Found a corrupted altar of Lugonu.
   393 | D        | Noticed a slime creature
   399 | D        | HP: 13/62 [slime creature (18)]
   403 | D        | Killed a slime creature
   403 | D        | Reached skill level 9 in Fighting
   403 | D        | Reached skill level 12 in Axes
   403 | D        | Reached skill level 8 in Armour
   403 | D        | Reached skill level 8 in Shields
   403 | D        | Reached skill level 2 in Necromancy
   403 | D        | Reached XP level 7. HP: 14/70 MP: 7/7
   683 | D        | Noticed a kobold demonologist
   684 | D        | Noticed a kobold demonologist
   688 | D        | Noticed a hellwing
   696 | D        | Killed a kobold demonologist
   696 | D        | Reached * piety under Kikubaaqudgha
   696 | D        | Identified Kikubaaqudgha's Collected Works on Unholy Rituals (Kikubaaqudgha gifted it to you in the Dungeon)
   696 | D        | Received a gift from Kikubaaqudgha
   696 | D        | Reached skill level 13 in Axes
   696 | D        | Reached skill level 9 in Armour
   696 | D        | Reached skill level 3 in Necromancy
   696 | D        | Reached XP level 8. HP: 71/79 MP: 8/8
   717 | D        | Killed a kobold demonologist
   717 | D        | Reached skill level 10 in Fighting
   717 | D        | Reached skill level 14 in Axes
   717 | D        | Reached skill level 9 in Shields
   717 | D        | Reached skill level 4 in Necromancy
   723 | D        | Learned a level 1 spell: Animate Skeleton
   725 | D        | Learned a level 1 spell: Pain
   728 | D        | Learned a level 2 spell: Sublimation of Blood
   732 | D        | Learned a level 3 spell: Regeneration
   968 | D        | Noticed a demonic crawler
   968 | D        | Noticed a demonic crawler
   968 | D        | Noticed a demonic crawler
   968 | D        | Noticed a demonic crawler
   984 | D        | Killed a demonic crawler
   984 | D        | Reached skill level 5 in Necromancy
   993 | D        | HP: 20/80 [demonic crawler (4)]
   996 | D        | HP: 9/80 [demonic crawler (5)]
   996 | D        | HP: 3/80 [demonic crawler (6)]
  1001 | D        | Slain by a demonic crawler

Skill      XL: |  1  2  3  4  5  6  7  8 |
---------------+-------------------------+-----
Fighting       | 4 6 7 9 10 | 10.3
Axes           | 5 8 10 12 13 14 | 14.6
Armour         | 4 5 6 8 9 |  9.7
Shields        | 4 5 6 8 9 |  9.5
Necromancy     | 2 3 5 |  5.0

Action                   |  1- 3 |  4- 6 |  7- 9 || total
-------------------------+-------+-------+-------++-------
Melee: War axe           |    18 |    31 |    61 ||   110
 Cast: Animate Skeleton  |       |       |     5 ||     5
Invok: Receive Corpses   |       |       |     1 ||     1
  Use: Potion            |     1 |       |       ||     1
 Stab: Distracted        |       |       |     2 ||     2
  Eat: Chunk             |       |     2 |       ||     2
Armor: Scale mail        |     5 |     2 |    36 ||    43
Dodge: Dodged            |     1 |     2 |    35 ||    38
Block: Shield            |     8 |     9 |    54 ||    71

Vault maps used:
D:        dungeon_sprint_1

Table legend:
 A = Turns spent in this place as a percentage of turns spent in the entire game.
 B = Non-inter-level travel turns spent in this place as a percentage of non-inter-level travel turns spent in the entire game.
 C = Inter-level travel turns spent in this place as a percentage of turns spent in this place.
 D = Turns resting spent in this place as a percentage of non-inter-level travel turns spent in this place.
 E = Turns spent auto-exploring this place as a percentage of non-inter-level travel turns spent in this place.
 F = Non-inter-level travel turns spent in this place divided by the number of levels of this place that you've seen.
                   A       B       C       D       E      F
               +-------+-------+-------+-------+-------+----------------------
         Total | 100.0 | 100.0 |   0.0 |  70.2 |   0.0 | 1001.0
       Dungeon | 100.0 | 100.0 |   0.0 |  70.2 |   0.0 | 1001.0
               +-------+-------+-------+-------+-------+----------------------

Table legend:
 A = Kills in this place as a percentage of kills in entire the game.
 B = Kills by you in this place as a percentage of kills by you in the entire game.
 C = Kills by friends in this place as a percentage of kills by friends in the entire game.
 D = Other kills in this place as a percentage of other kills in the entire game.
 E = Experience gained in this place as a percentage of experience gained in the entire game.
 F = Experience gained in this place divided by the number of levels of this place that you have seen.
                   A       B       C       D       E      F
               +-------+-------+-------+-------+-------+----------------------
         Total | 100.0 | 100.0 |   N/A |   N/A | 100.0 | 2097.0
       Dungeon | 100.0 | 100.0 |   N/A |   N/A | 100.0 | 2097.0
               +-------+-------+-------+-------+-------+----------------------
